Map: Lost and Found LE

Players

Nerchio - Winner!

  • Race: Zerg Zerg
  • Spawn Location: 7:00

JonSnow

  • Race: Zerg Zerg
  • Spawn Location: 1:00

Event: WCS Austin 2018

VOD

Have the link to the VOD?

Description

Time

  • Played on: June 1, 2018, 4:41 p.m.
  • Length: 5:35

All games in this series

Show
View Real Time Build Order
Export as new Build Order

Nerchio Zerg - Winner!

Build Orders: Hatch First, Zergling Baneling 

Get SALT Encoding   

  12  0:00  Drone  
  13  0:12  Overlord  
  13  0:16  Drone  
  14  0:31  Drone x2  
  16  0:47  Hatchery  
  15  0:51  Drone  
  15  0:54  Drone  
  17  0:57  Drone  
  18  1:07  Extractor  
  17  1:13  Spawning Pool  
  17  1:16  Drone  
  17  1:20  Drone  
  18  1:28  Drone  
  19  1:38  Overlord  
  19  1:49  Drone  
  20  1:59  Queen  
  20  2:00  Zergling x2  
  23  2:01  Queen  
  23  2:03  Zergling x2  
  26  2:08  Metabolic Boost  
  26  2:11  Drone  
  26  2:13  Drone  
  28  2:21  Drone x2  
  30  2:37  Hatchery  
  30  2:38  Drone  
  30  2:40  Drone  
  30  2:43  Drone  
  32  2:45  Zergling x2  
  32  2:51  Baneling Nest  
  32  2:54  Zergling x2  
  32  2:57  Overlord  
  33  3:04  Overlord  
  33  3:11  Zergling x6  
  36  3:16  Zergling x2  
  36  3:17  Zergling x4  
  37  3:21  Zergling x2  
  37  3:24  Zergling x2  
  37  3:26  Zergling x2  
  38  3:31  Zergling x2  
  37  3:36  Zergling x2  
  37  3:40  Zergling x2  
  35  3:42  Zergling x2  
  35  3:43  Zergling x2  
  35  3:45  Zergling x2  
  35  3:48  Zergling x2  
  33  3:50  Zergling x2  
  33  3:52  Zergling x2  
  33  3:54  Zergling x2  
  32  3:58  Zergling x2  
  32  4:00  Zergling x2  
  33  4:03  Baneling  
  33  4:05  Baneling  
  33  4:06  Zergling x2  
  34  4:10  Drone  
  34  4:12  Drone  
  34  4:14  Baneling  
  34  4:15  Baneling  
  36  4:19  Drone  
  36  4:20  Drone  
  36  4:26  Baneling x2  
  36  4:36  Drone x2  
  36  4:37  Drone x3  
  41  4:40  Drone  
  41  4:44  Drone x2  
  43  4:49  Zergling x2  
  44  4:53  Baneling x2  
  44  4:54  Zergling x4  
  48  5:10  Zergling x4  
  50  5:15  Zergling x6  
  50  5:17  Zergling x2  
Show
View Real Time Build Order
Export as new Build Order

JonSnow Zerg 

Build Orders: Pool First 

Get SALT Encoding   

  12  0:01  Drone  
  13  0:08  Drone  
  14  0:31  Spawning Pool  
  14  0:32  Drone  
  14  0:38  Extractor  
  13  0:55  Hatchery  
  12  1:02  Drone  
  13  1:04  Drone  
  14  1:14  Overlord  
  14  1:32  Queen  
  14  1:34  Zergling x2  
  17  1:42  Metabolic Boost  
  17  1:46  Zergling x2  
  18  1:50  Zergling x2  
  18  1:53  Zergling x2  
  20  1:57  Zergling x2  
  21  2:08  Queen  
  21  2:13  Zergling x2  
  24  2:19  Zergling x4  
  26  2:23  Zergling x2  
  27  2:32  Zergling x2  
  28  2:39  Overlord  
  28  3:01  Zergling x14  
  35  3:12  Zergling x2  
  35  3:28  Zergling x2  
  34  3:35  Zergling x2  
  34  3:36  Zergling x6  
  34  3:40  Overlord  
  34  3:41  Zergling x2  
  33  3:46  Zergling x2  
  32  3:53  Zergling x2  
  30  3:59  Zergling x10  
  32  4:09  Zergling x2  
  33  4:12  Zergling x4  
  33  4:15  Zergling x2  
  32  4:25  Zergling x2  
  33  4:34  Zergling x10  
  33  4:37  Zergling x2  
  35  4:45  Zergling x6  
  35  4:49  Zergling x2  
  37  4:53  Zergling x2  
  38  5:07  Zergling x8  
  36  5:16  Zergling x2  
  36  5:17  Zergling x2  
Tags
 
Add a new tag
Caveats
  • Supply blocks, unpowered buildings, or Contaminate may cause inaccurate times.
  • Supply counts are checked every 10 seconds.